 Dungeon Sprint DCSS version 0.15-a0-1224-g3833f9c (webtiles) character file.

584 Infinimo the Earth Mage (level 7, -8/36 HPs)
             Began as a Gargoyle Earth Elementalist on June 1, 2014.
             Was a High Priest of Vehumet.
             Mangled by a troll (16 damage)
             ... in the Dungeon (Sprint VII: "The Pits").
             The game lasted 00:05:01 (1240 turns).

Infinimo the Earth Mage (GrEE)                      Turns: 1240, Time: 00:05:02

HP  -8/36        AC  6     Str 12      XL: 7   Next: 37%
MP   3/15        EV 12     Int 17      God: Vehumet [*****.]
Gold 0           SH  0     Dex 10      Spells:  4 memorised,  2 levels left

rFire  . . .     SeeInvis .     (no weapon)
rCold  . . .     Clarity  .     c - +0 robe
rNeg   + . .     rCorr    .     (no shield)
rPois  +         rRot     +     (no helmet)
rElec  +         Spirit   .     (no cloak)
SustAb .         Warding  .     (no gloves)
rMut   .         NoTele   +     (no boots)
Gourm  .                        (no amulet)
MR     .....                    (no ring)
                                (no ring)

@: not resistant to hostile enchantments, unstealthy
A: life protection 1, electricity resistance, unbreathing, petrification
resistance, rot immunity, AC +4
a: Renounce Religion


You were in the Dungeon.
You worshipped Vehumet.
Vehumet was extremely pleased with you.
You were very hungry.

You visited 1 branch

Inventory:

Hand weapons
 r - a cursed +2,+1 flail of protection
Armour
 c - a +0 robe (worn)
Comestibles
 a - 8 bread rations
 k - 38 fruits
 l - 7 meat rations
Scrolls
 j - a scroll of blinking
 n - 2 scrolls of vulnerability
 o - 3 scrolls of remove curse
 p - 5 scrolls of amnesia
 q - a scroll of summoning
Potions
 e - 6 potions of curing
 f - 6 potions of heal wounds
 g - a potion of haste
 h - 2 potions of magic
 i - 3 potions of berserk rage
 m - 2 potions of invisibility
Books
 d - a book of Geomancy

   Spells                             Type                      Level
   *Sandblast                         Earth                        1
   *Stoneskin                         Transmutation/Earth          2
   Passwall                           Transmutation/Earth          3
   *Stone Arrow                       Conjuration/Earth            3
   Petrify                            Transmutation/Earth          4
   Lee's Rapid Deconstruction         Earth                        5


   Skills:
 - Level 1.5 Dodging
 - Level 2.1 Stealth
 + Level 3.6 Spellcasting
 - Level 0.7 Transmutations
 * Level 16.9 Earth Magic


You had 2 spell levels left.
You knew the following spells:

 Your Spells              Type           Power        Failure   Level  Hunger
a - Sandblast             Erth           ######       0%          1    None
b - Stone Arrow           Conj/Erth      ####..       1%          3    ###....
c - Stoneskin             Trmt/Erth      ####......   1%          2    ##.....
d - Bolt of Magma         Conj/Fire/Erth ###.......   13%         5    #####..


Dungeon Overview and Level Annotations

Branches:
Dungeon (1/1)

Altars:
Ashenzari
Cheibriados
Dithmenos
Elyvilon
Fedhas
Gozag
Kikubaaqudgha
Makhleb
Nemelex Xobeh
Okawaru
Qazlal
Sif Muna
Trog
Vehumet
Xom
Yredelemnul
Zin
The Shining One
Beogh
Jiyva
Lugonu


Innate Abilities, Weirdness & Mutations

You are resistant to torment.
You are immune to poison.
Your stone body is very resilient (AC +4).
You resist negative energy.
You are resistant to electric shocks.
You can survive without breathing.
You are immune to petrification.
You are immune to rotting.


Message History

The stone arrow hits the troll.
The troll is heavily wounded.
The troll bites you!
Casting: Stone Arrow
Confirm with . or Enter, or press ? or * to list all spells.
Aiming: Stone Arrow
Press: ? - help, Shift-Dir - straight line, f/p - troll
Aim: a troll (heavily wounded)
The stone arrow hits the troll.
The troll is severely wounded.
You are feeling very hungry.
The troll bites you. The troll claws you!
* * * LOW HITPOINT WARNING * * *
Casting: Stone Arrow
Confirm with . or Enter, or press ? or * to list all spells.
Aiming: Stone Arrow
Press: ? - help, Shift-Dir - straight line, f/p - troll
Aim: a troll (severely wounded)
The stone arrow misses the troll.
The troll bites you!
You die...

#.#..'..)'.##.......#
#.#..########...<...#
#.#..'.)))[##.......#
#.#..#.).)[##.......#
#'###########.......#
#..#.#.## #########
#.......# ##.#.#.##
#....@..#+#
##.#.#T##.+
#.......#'#
##.#.#..')#
##########


You could see a troll.

Vanquished Creatures
  A fire bat (D)
  Menkaure (D)
  A necrophage (D)
  A gnoll sergeant (D)
  A hound (D)
  An orc priest (D)
  2 orc wizards (D)
  A gnoll (D)
  2 giant mites (D)
  A giant eyeball (D)
  7 orcs (D)
  2 hobgoblins (D)
  A giant gecko (D)
  2 giant newts (D)
24 creatures vanquished.

Notes
Turn   | Place    | Note
--------------------------------------------------------------
     0 | D        | Infinimo, the Gargoyle Earth Elementalist, began the quest for the Orb.
     0 | D        | Reached XP level 1. HP: 10/10 MP: 3/3
    12 | D        | Reached skill level 5 in Earth Magic
    12 | D        | Reached XP level 2. HP: 12/15 MP: 1/4
    73 | D        | Found a basalt altar of Yredelemnul.
    73 | D        | Found a glowing golden altar of the Shining One.
    73 | D        | Found a deep blue altar of Sif Muna.
    73 | D        | Found a burning altar of Makhleb.
    73 | D        | Found an ancient bone altar of Kikubaaqudgha.
    73 | D        | Found a glowing silver altar of Zin.
    74 | D        | Found a shadowy altar of Dithmenos.
    74 | D        | Found a shimmering altar of Xom.
    74 | D        | Found a sparkling altar of Nemelex Xobeh.
    75 | D        | Found a bloodstained altar of Trog.
    75 | D        | Found a shattered altar of Ashenzari.
    75 | D        | Found a white marble altar of Elyvilon.
    75 | D        | Found a snail-covered altar of Cheibriados.
    75 | D        | Found a blossoming altar of Fedhas.
    75 | D        | Found a radiant altar of Vehumet.
    75 | D        | Found a corrupted altar of Lugonu.
    75 | D        | Found a viscous altar of Jiyva.
    75 | D        | Found a roughly hewn altar of Beogh.
    75 | D        | Found an iron altar of Okawaru.
    80 | D        | Found a stormy altar of Qazlal.
    80 | D        | Found an opulent altar of Gozag.
    82 | D        | Became a worshipper of Vehumet
    94 | D        | Reached skill level 6 in Earth Magic
   125 | D        | Acquired Vehumet's first power
   125 | D        | Offered knowledge of Shock by Vehumet.
   150 | D        | Noticed a necrophage
   160 | D        | Reached skill level 7 in Earth Magic
   193 | D        | Killed a necrophage
   193 | D        | Reached skill level 11 in Earth Magic
   193 | D        | Reached XP level 3. HP: 7/19 MP: 1/6
   193 | D        | Reached XP level 4. HP: 8/24 MP: 1/7
   193 | D        | Reached XP level 5. HP: 9/28 MP: 1/9
   404 | D        | Learned a level 3 spell: Stone Arrow
   407 | D        | Learned a level 2 spell: Stoneskin
   437 | D        | Offered knowledge of Searing Ray by Vehumet.
   505 | D        | Noticed an orc priest
   505 | D        | Noticed an orc wizard
   505 | D        | Noticed an orc wizard
   506 | D        | Noticed a hound
   522 | D        | Killed an orc wizard
   522 | D        | Acquired Vehumet's second power
   522 | D        | Reached skill level 12 in Earth Magic
   525 | D        | Killed an orc wizard
   525 | D        | Reached skill level 13 in Earth Magic
   546 | D        | Killed an orc priest
   546 | D        | Acquired Vehumet's third power
   653 | D        | Killed a hound
   653 | D        | Offered knowledge of Inner Flame by Vehumet.
   653 | D        | Reached skill level 14 in Earth Magic
   653 | D        | Reached XP level 6. HP: 17/32 MP: 2/10
   793 | D        | Offered knowledge of Throw Icicle by Vehumet.
   869 | D        | Noticed a fire bat
   871 | D        | Killed a fire bat
   871 | D        | Reached skill level 16 in Earth Magic
   948 | D        | Noticed Menkaure
   963 | D        | Killed Menkaure
   963 | D        | Offered knowledge of Force Lance by Vehumet.
   963 | D        | Reached XP level 7. HP: 14/36 MP: 8/14
  1158 | D        | Noticed a gnoll sergeant
  1161 | D        | Killed a gnoll sergeant
  1161 | D        | Offered knowledge of Bolt of Magma by Vehumet.
  1230 | D        | Learned a level 5 spell: Bolt of Magma
  1233 | D        | Noticed a troll
  1240 | D        | Mangled by a troll

Action                   |  1- 3 |  4- 6 |  7- 9 || total
-------------------------+-------+-------+-------++-------
 Cast: Sandblast         |    16 |    15 |       ||    31
       Stone Arrow       |       |    12 |     8 ||    20
       Stoneskin         |       |     2 |       ||     2
  Use: Potion            |     1 |     1 |       ||     2
